 Dungeon Crawl Stone Soup version 0.31.0-9-g3a7656b989 (webtiles) character file.

Game seed: 18165796654702695007

79 qw the Shooter (level 4, -1/22 HPs)
             Began as a Spriggan Hunter on Feb 2, 2024.
             Slain by a gnoll
             ... wielding a +0 spear
              (9 damage)
             ... on level 3 of the Dungeon.
             The game lasted 00:00:07 (1446 turns).

qw the Shooter (Spriggan Hunter)                    Turns: 1446, Time: 00:00:08

Health: -1/22      AC:  3    Str:  7    XL:     4   Next: 16%
Magic:  5/5        EV: 19    Int: 10    God:
Gold:   77         SH:  0    Dex: 20    Spells: 3/3 levels left

rFire   . . .        a - +0 shortbow
rCold   + . .        (shield currently unavailable)
rNeg    . . .        d - +1 robe {rC+}
rPois   .            (helmet restricted)
rElec   .            (no cloak)
rCorr   .            (gloves unavailable)
SInv    +            (boots unavailable)
Will    .....        (no amulet)
Stlth   ++           (no ring)
HPRegen 0.23/turn    (no ring)
MPRegen 0.09/turn

%: no passive effects
@: very quick
A: very small, no large weapons, unfitting armour, see invisible, speed 3
a: no special abilities


You were on level 3 of the Dungeon.
You visited 1 branch of the dungeon, and saw 3 of its levels.

You collected 77 gold pieces.


Innate Abilities, Weirdness & Mutations

You are very small and have problems with some larger weapons.
You are too small for most types of armour.
You have supernaturally acute eyesight. (SInv)
You cover ground extremely quickly. (Speed+++)


   Skills:
 - Level 1.5 Fighting
 - Level 5.0 Ranged Weapons
 + Level 4.5 Dodging
 - Level 1.5 Stealth


You had 3 spell levels left.
You didn't know any spells.
Your spell library was empty.

Inventory:

Hand Weapons
 a - a +0 shortbow (weapon)
Armour
 d - a +1 robe of cold resistance (worn)
Jewellery
 c - the amulet "Gapna" {Spirit Harm MP+9}
   (You acquired it on level 2 of the Dungeon)

   [amulet of guardian spirit]

   Spirit:    It causes incoming damage to be divided between your reserves of
   health and magic.
   MP+9:      It affects your magic capacity (+9).
   Harm:      It increases damage dealt and taken.
 f - a ring of poison resistance
Potions
 b - a potion of heal wounds {unknown}
 e - a potion of cancellation {unknown}

Dungeon Overview and Level Annotations

Branches:
Dungeon (3/15)

Altars:


Message History

You shoot an arrow. The arrow hits the gnoll.
You kill the gnoll!
You have reached level 4!
You shoot an arrow. The arrow barely misses the gnoll.
The gnoll closely misses you.
You shoot an arrow. The arrow closely misses the gnoll.
The gnoll barely misses you.
You shoot an arrow.
The arrow hits the gnoll but does no damage.
The gnoll completely misses you. The gnoll barely misses you.
The gnoll misses you.
You shoot an arrow. The arrow hits the gnoll.
The gnoll is lightly wounded.
The gnoll hits you from afar with a +0 spear.
The gnoll misses you.
You shoot an arrow.
The arrow hits the gnoll but does no damage.
The gnoll is lightly wounded.
You hear a shout!
The gnoll hits you from afar with a +0 spear.
The gnoll barely misses you.
You shoot an arrow. The arrow hits the gnoll!
The gnoll is almost dead.
The gnoll hits you from afar with a +0 spear.
The gnoll barely misses you.
You shoot an arrow. The arrow closely misses the gnoll.
The gnoll closely misses you. The gnoll misses you.
You shoot an arrow. The arrow closely misses the gnoll.
The gnoll misses you. The gnoll barely misses you.
You shoot an arrow. The arrow hits the gnoll.
You kill the gnoll!
The gnoll barely misses you.
You shoot an arrow. The arrow closely misses the gnoll.
The gnoll misses you. The gnoll completely misses you.
The gnoll hits you from afar with a +0 spear!
The gnoll barely misses you.
You shoot an arrow. The arrow hits the gnoll.
The gnoll is moderately wounded.
The gnoll hits you from afar with a +0 spear!
You die...

#.##.#........#.. .#
#....#........#..:.#
#######........#. ..# .).#
###.##+#.# ..# ##.# #.
#.#.############ #.#
###.##.#.#..........# ##.#
#......#.#..........#
...#####.....#.)..........#
.............###@.........#######
#.######.......g####............#
#.....##>#..#.)g..##............#
#####.#.....#.#.#.............>.#
#.#.##....#.>g..............#
#.#.##..######..g...........#
###.#.##.......#..............#
#.........####.###............#
#.###.#.### ...##............#


You could see 2 gnolls.

Vanquished Creatures
  An adder (D:2)
  2 gnolls (D:3)
  2 dart slugs
  2 ribbon worms
  6 bats
  5 endoplasms
  A giant cockroach (D:1)
  3 goblins
  5 hobgoblins
  6 kobolds
  7 ball pythons
  A frilled lizard (D:1)
  3 rats
44 creatures vanquished.

Notes
Turn   | Place    | Note
-------+----------+-------------------------------------------
     0 | D:1      | qw the Spriggan Hunter began the quest for the Orb.
     0 | D:1      | Reached XP level 1. HP: 10/10 MP: 2/2
     0 | D:1      | 0 ||| qw: Version: 0.3-a-155-g5e7d8dd
     0 | D:1      | 0 ||| qw: Game counter: 1806
     0 | D:1      | 0 ||| qw: Melee chars always use a shield: true
     0 | D:1      | 0 ||| qw: God list: Okawaru
     0 | D:1      | 0 ||| qw: Allow faded altars: false
     0 | D:1      | 0 ||| qw: Do Orc after clearing Dungeon:15 true
     0 | D:1      | 0 ||| qw: Do second Lair branch before Depths: true
     0 | D:1      | 0 ||| qw: Lair rune preference: random
     0 | D:1      | 0 ||| qw: Goals: Normal
     0 | D:1      | 0 ||| PLANNING D:1-11
    75 | D:1      | Reached skill level 3 in Dodging
   123 | D:1      | Reached XP level 2. HP: 14/14 MP: 3/3
   635 | D:1      | 635 ||| READING scroll labelled HEHAFE MAEDU.
   635 | D:1      | 635 ||| IDENTIFYING viscous white potion
   636 | D:1      | 636 ||| READING scroll labelled KOTSYPT ATAA.
   637 | D:1      | 637 ||| READING scroll labelled YTA INEPADA.
   637 | D:1      | 637 ||| ENCHANTING +0 shortbow.
   638 | D:1      | 638 ||| READING scroll labelled KOEZ GEDGHAECW.
   639 | D:1      | 639 ||| DROPPING scroll of butterflies.
   640 | D:1      | 640 ||| DROPPING potion of brilliance.
   657 | D:2      | 657 ||| STAIRDANCE
   661 | D:2      | 661 ||| STAIRDANCE
   680 | D:2      | Reached XP level 3. HP: 18/18 MP: 4/4
   753 | D:2      | 753 ||| FLEEEEING.
   754 | D:2      | 754 ||| FLEEEEING.
   756 | D:2      | 756 ||| FLEEEEING.
   757 | D:2      | 757 ||| FLEEEEING.
   758 | D:2      | 758 ||| FLEEEEING.
   759 | D:2      | 759 ||| FLEEEEING.
  1247 | D:2      | 1247 ||| UPGRADING to +1 robe of cold resistance.
  1257 | D:2      | 1257 ||| DROPPING +0 robe.
  1258 | D:2      | 1258 ||| READING scroll labelled APTUVV ANENLUCW.
  1263 | D:2      | 1263 ||| READING scroll labelled PEDIFROIXI.
  1263 | D:2      | Identified a scroll of acquirement
  1263 | D:2      | 1263 ||| ACQUIRING amulet "Gapna" {Spirit Harm MP+9}
  1263 | D:2      | Acquired the amulet "Gapna" {Spirit Harm MP+9}
  1265 | D:2      | 1265 ||| READING scroll labelled UHOMIZX HUPPAE.
  1266 | D:2      | 1266 ||| DRINKING 2 glowing dark potions.
  1267 | D:2      | 1267 ||| DROPPING potion of invisibility.
  1390 | D:3      | Reached skill level 5 in Ranged Weapons
  1415 | D:3      | 1415 ||| RETREEEEATING.
  1416 | D:3      | 1416 ||| RETREEEEATING.
  1417 | D:3      | 1417 ||| RETREEEEATING.
  1421 | D:3      | 1421 ||| RETREEEEATING.
  1423 | D:3      | 1423 ||| RETREEEEATING.
  1424 | D:3      | 1424 ||| RETREEEEATING.
  1426 | D:3      | 1426 ||| RETREEEEATING.
  1427 | D:3      | 1427 ||| RETREEEEATING.
  1428 | D:3      | 1428 ||| RETREEEEATING.
  1429 | D:3      | 1429 ||| RETREEEEATING.
  1431 | D:3      | 1431 ||| RETREEEEATING.
  1433 | D:3      | 1433 ||| RETREEEEATING.
  1436 | D:3      | Reached XP level 4. HP: 22/22 MP: 5/5
  1446 | D:3      | Slain by a gnoll

Levels and vault maps discovered:
D:1:      amcnicky_arrival_double_pillar, layout_loops_ring
D:2:      layout_loops_ring, grunt_ministairs_1
D:3:      layout_basic, kennysheep_generic_room_7

Skill      XL: |  1  2  3 |
---------------+----------+-----
Dodging        | 3 4 |  4.5
Ranged Weapons | 5 |  5.0
Fighting       | |  1.5
Stealth        | |  1.5

Action                     |  1- 3 |  4- 6 || total
---------------------------+-------+-------++-------
   Fire: Shortbow          |   128 |    11 ||   139
    Use: Scroll            |     7 |       ||     7
         Potion            |     1 |       ||     1
 Armour: Robe              |     9 |     5 ||    14
  Dodge: Dodged            |    51 |    16 ||    67

Table legend:
 A = Non-vault XP
 B = Vault XP
 C = Vault XP percentage of total XP
 D = Non-vault monster count
 E = Vault monster count
 F = Vault count percentage of total count
                 A         B        C        D         E       F
            +---------+---------+-------+---------+---------+-------
      Total |     109 |       4 |   3.5 |      42 |       2 |   4.5
            +---------+---------+-------+---------+---------+-------
        D:1 |      23 |       4 |  14.8 |      14 |       2 |  12.5
        D:2 |      52 |       0 |   0.0 |      23 |       0 |   0.0
        D:3 |      34 |       0 |   0.0 |       5 |       0 |   0.0
            +---------+---------+-------+---------+---------+-------
